 Dungeon Crawl Stone Soup version 0.24.0-13-gcf9b319 (webtiles) character file.

Game seed: 6837596393201457150, levelgen mode: deterministic

2007 Afromullet the Covered (level 9, 0/80 HPs)
             Began as a Minotaur Fighter on Feb 6, 2020.
             Was a Follower of Trog.
             Slain by a worker ant (6 damage)
             ... on level 7 of the Dungeon.
             The game lasted 00:20:45 (5880 turns).

Afromullet the Covered (Minotaur Fighter)           Turns: 5880, Time: 00:20:45

Health: 0/80       AC:  6    Str: 23    XL:     9   Next: 2%
Magic:  11/11      EV:  6    Int:  5    God:    Trog [*.....]
Gold:   375        SH: 10    Dex: 11    Spells: 8/8 levels left

rFire    . . .     SeeInvis .   d - +0 morningstar
rCold    . . .     Gourm    .   c - +0 shield
rNeg     . . .     Faith    .   u - +0 chain mail
rPois    .         Spirit   .   (helmet restricted)
rElec    .         Reflect  .   (no cloak)
rCorr    .         Harm     .   (no gloves)
MR       .....                  (no boots)
Stlth    ..........             n - amulet of regeneration
HPRegen  0.63/turn              s - ring of flight
MPRegen  0.12/turn              (no ring)

@: corroded, very slightly contaminated
A: retaliatory headbutt, horns 2
a: Berserk, Renounce Religion, Evoke Flight


You were on level 7 of the Dungeon.
You worshipped Trog.
Trog was aware of your devotion.
You were not hungry.

You visited 2 branches of the dungeon, and saw 8 of its levels.

You collected 375 gold pieces.

Inventory:

Hand Weapons
 a - a +1 flail
 d - a +0 morningstar (weapon)
Missiles
 e - 6 javelins (quivered)
 x - a throwing net
 C - 2 boomerangs
Armour
 c - a +0 shield (worn)
 u - a +0 chain mail (worn)
 y - a +1 plate armour
Jewellery
 k - an uncursed ring of ice
 n - an amulet of regeneration (around neck)
 s - a ring of flight (left hand)
Wands
 p - a wand of paralysis (3)
 q - a wand of enslavement (9)
 z - a wand of random effects (14)
 D - a wand of scattershot (3)
Scrolls
 g - a scroll of remove curse
 h - a scroll of fog
 m - a scroll of enchant armour
 r - a scroll of noise
 t - a scroll of enchant weapon
 v - a scroll of amnesia
 B - 3 scrolls of teleportation
Potions
 j - 2 potions of brilliance
 l - 2 potions of degeneration
Comestibles
 f - 11 rations


   Skills:
 * Level 7.7 Fighting
 * Level 7.2 Maces & Flails
 * Level 7.7 Armour
 + Level 5.9 Shields
 * Level 4.5 Evocations


You had 8 spell levels left.
You didn't know any spells.
Your spell library contained the following spells:

 Spells                   Type           Power        Failure   Level  Hunger
 Confusing Touch          Hex            #.....       100%        1    ##.....
 Confuse                  Hex            #.......     100%        3    ####...
 Gell's Gravitas          Tloc           #.........   100%        3    ####...
 Petrify                  Tmut/Erth      #.......     100%        4    #####..
 Metabolic Englaciation   Hex/Ice        #.........   100%        5    ######.
 Yara's Violent Unravell  Hex/Tmut       #.........   100%        5    ######.


Dungeon Overview and Level Annotations

Branches:
Dungeon (7/15)             Temple (1/1) D:4

Altars:
Ashenzari
Cheibriados
Dithmenos
Elyvilon
Fedhas
Gozag
Hepliaklqana
Kikubaaqudgha
Makhleb
Nemelex Xobeh
Okawaru
Qazlal
Ru
Sif Muna
Trog
Uskayaw
Vehumet
Wu Jian
Xom
Yredelemnul
Zin
The Shining One


Innate Abilities, Weirdness & Mutations

You reflexively headbutt those who attack you in melee.
You have a pair of horns on your head.


Message History

You flicker for a moment.
You block the worker ant's attack.
You flicker back into view.
You block the worker ant's attack.
The crimson imp shouts!
The crimson imp blinks!
The worker ant bites you but does no damage.
The acid dragon spits acid at you. The splash of acid hits you!
* * * LOW HITPOINT WARNING * * *
The acid corrodes you!
You are splashed with acid!
* * * LOW HITPOINT WARNING * * *
You block the worker ant's attack. The worker ant bites you.
* * * LOW HITPOINT WARNING * * *
Found 11 gold pieces.
A hippogriff comes into view.
The hippogriff screeches!
The worker ant bites you.
You die...

# #.#...#.#T #..........
#..)8...## #.........#
#.#.(.#.#.
#.........#...##.##...
#.....H.>.##.#.....#.#
......#..##..###.§##
.$.# #..##..#..##.
########.####..###.###..
.......@a.Y5Z#.........#
######.#.###.#..5##.....
...#.#..Y#...D......
###.#.#...5..D.......
#.#.#......†.......
#.#.#..........####
#.#.#.###'###### #.#.#.
#.# #. #.#


You could see a hippogriff, an ice beast, a worker ant, a crimson imp and a
leopard gecko skeleton.

Vanquished Creatures
  2 hippogriffs (D:7)
  Sigmund (D:4)
  An orc warrior (D:7)
  A sky beast (D:7)
  A necrophage (D:7)
  3 ogres
  2 scorpions (D:7)
  3 crimson imps
  3 bullfrog skeletons
  2 hounds (D:7)
  An orc priest (D:3)
  2 iguanas
  2 orc wizards (D:6)
  7 worker ants
  A killer bee zombie (D:7)
  A hound skeleton (D:4)
  13 adders
  4 gnolls (D:3)
  A howler monkey skeleton (D:5)
  2 adder skeletons
  A dart slug (D:2)
  6 worms
  3 leopard geckos (D:2)
  9 orcs
  3 giant cockroaches
  10 goblins
  9 hobgoblins
  15 jackals
  5 quokkas
  5 bats
  6 frilled lizards
  5 kobolds
  A quokka skeleton (D:4)
  7 rats
138 creatures vanquished.

Notes
Turn   | Place    | Note
-------+----------+-------------------------------------------
     0 | D:1      | Afromullet the Minotaur Fighter began the quest for the
                  | Orb.
     0 | D:1      | Reached XP level 1. HP: 19/19 MP: 0/0
   328 | D:1      | Reached XP level 2. HP: 27/27 MP: 1/1
  1017 | D:2      | Reached XP level 3. HP: 28/33 MP: 2/2
  1376 | D:2      | Reached XP level 4. HP: 40/41 MP: 3/3
  2435 | D:3      | Reached XP level 5. HP: 47/47 MP: 4/4
  2474 | D:3      | Reached skill level 1 in Evocations
  2621 | D:3      | Reached skill level 5 in Armour
  2823 | D:3      | Reached skill level 5 in Fighting
  3252 | D:4      | Noticed Sigmund
  3260 | D:4      | Reached XP level 6. HP: 56/56 MP: 6/6
  3273 | D:4      | Killed Sigmund
  3391 | D:4      | Found a staircase to the Ecumenical Temple.
  3430 | Temple   | Entered the Ecumenical Temple
  3562 | Temple   | Became a worshipper of Trog the Wrathful
  3744 | D:4      | Found a shimmering blue altar of Sif Muna.
  3748 | D:4      | Found a sacrificial altar of Ru.
  3748 | D:4      | Found a sparkling altar of Nemelex Xobeh.
  3768 | D:4      | Found a radiant altar of Vehumet.
  3771 | D:4      | Found a shadowy altar of Dithmenos.
  3832 | D:4      | Reached XP level 7. HP: 61/61 MP: 7/7
  3920 | D:5      | Entered Level 5 of the Dungeon
  3941 | D:5      | Reached skill level 5 in Maces & Flails
  3960 | D:5      | You fall into a shaft and drop 2 floors!
  3984 | D:7      | Noticed a hippogriff
  4005 | D:7      | Killed a hippogriff
  4005 | D:7      | Reached skill level 5 in Shields
  4358 | D:7      | Noticed a hungry ghost
  4425 | D:6      | Found a snail-covered altar of Cheibriados.
  4773 | D:5      | Reached XP level 8. HP: 69/71 MP: 9/9
  5303 | D:6      | Reached * piety under Trog
  5791 | D:7      | Noticed a hippogriff
  5803 | D:7      | Killed a hippogriff
  5813 | D:7      | Noticed a troll
  5815 | D:7      | Reached XP level 9. HP: 50/80 MP: 11/11
  5833 | D:7      | HP: 3/80 [troll (2)]
  5872 | D:7      | HP: 4/80 [acid (15)]
  5880 | D:7      | Slain by a worker ant

Levels and vault maps discovered:
D:1:      ebering_trefoil_3fold, layout_loops_ring
D:2:      kb_forest_paths, layout_basic, kennysheep_pointless_box
D:3:      layout_loops_corners
D:4:      layout_gridville, minmay_overflow_temple_star_hex,
          minmay_temple_entry_mini_moons, uniq_sigmund
D:5:      layout_rooms, first_ration
D:6:      layout_cave_pools, slow_altar_1
D:7:      minmay_the_grid_octo_2x2 [minmay_the_grid_octo_focus,
          minmay_the_grid_octo_horde, minmay_the_grid_octo_tetromino_candy,
          minmay_the_grid_octo_prize_star], layout_basic, basic_altar,
          serial_shops, shop
Temple:   eino_temple_rhombus

Skill      XL: |  1  2  3  4  5  6  7  8 |
---------------+-------------------------+-----
Fighting       | 4 5 6 7 |  7.7
Armour         | 4 5 6 7 |  7.7
Maces & Flails | 3 4 5 7 |  7.2
Shields        | 4 5 |  5.9
Evocations     | 1 2 3 4 |  4.5

Action                   |  1- 3 |  4- 6 |  7- 9 || total
-------------------------+-------+-------+-------++-------
Melee: Flail             |    96 |   159 |       ||   255
       Headbutt          |    16 |    26 |    32 ||    74
       Morningstar       |       |    27 |   187 ||   214
  Use: Scroll            |     4 |    10 |     6 ||    20
       Potion            |       |     3 |     6 ||     9
  Eat: Chunk             |     1 |     5 |     2 ||     8
       Ration            |       |     1 |     2 ||     3
Armor: Scale mail        |    44 |    27 |       ||    71
       Chain mail        |       |    89 |   129 ||   218
Dodge: Dodged            |    37 |    61 |    63 ||   161
Block: Shield            |    70 |   103 |   105 ||   278
